 Dungeon Crawl Stone Soup version 0.30.2 (webtiles) character file.

Game seed: 7806294178428664359

37 porpoise the Shooter (level 3, -2/28 HPs)
             Began as a Human Hunter on Mar 7, 2024.
             Slain by Sigmund
             ... wielding a +0 scythe
              (10 damage)
             ... on level 2 of the Dungeon.
             The game lasted 00:02:59 (866 turns).

porpoise the Shooter (Human Hunter)                  Turns: 866, Time: 00:03:00

Health: -2/28      AC:  3    Str: 11    XL:     3   Next: 60%
Magic:  3/3        EV: 12    Int:  9    God:
Gold:   89         SH:  0    Dex: 18    Spells: 2/2 levels left

rFire   . . .        b - +2 whip (elec)
rCold   . . .        (no shield)
rNeg    . . .        c - +0 leather armour
rPois   .            (no helmet)
rElec   .            (no cloak)
rCorr   .            (no gloves)
SInv    .            (no boots)
Will    .....        (no amulet)
Stlth   ++           (no ring)
HPRegen 0.24/turn    (no ring)
MPRegen 0.08/turn

%: no passive effects
@: no status effects
A: no striking features
a: no special abilities


You were on level 2 of the Dungeon.
You visited 1 branch of the dungeon, and saw 2 of its levels.

You collected 89 gold pieces.

Inventory:

Hand Weapons
 a - a +0 shortbow
 b - a +2 whip of electrocution (weapon)
Armour
 c - a +0 leather armour (worn)
Scrolls
 d - a scroll of fog {unknown}
 g - a scroll of immolation
Potions
 e - a potion of degeneration {unknown}
 f - a potion of curing {unknown}
 h - a potion of heal wounds {unknown}


   Skills:
 + Level 2.4 Fighting
 * Level 4.6 Ranged Weapons
 - Level 2.0 Dodging
 + Level 1.8 Stealth


You had 2 spell levels left.
You didn't know any spells.
Your spell library contained the following spells:

 Spells                   Type           Power      Damage    Failure   Level
 Apportation              Tloc           0%         N/A       47%         1
 Alistair's Intoxication  Tmut/Pois      0%         N/A       100%        5


Dungeon Overview and Level Annotations

Branches:
Dungeon (2/15)

Altars:

Annotations:
D:2 Sigmund


Message History

Sigmund and a hobgoblin come into view.
Sigmund shouts!
The hobgoblin shouts!
You shoot an arrow.
The arrow hits the hobgoblin but does no damage.
The hobgoblin barely misses you. The hobgoblin attacks as you move away!
The hobgoblin closely misses you.
You shoot an arrow. The arrow closely misses the hobgoblin.
The hobgoblin misses you.
You shoot an arrow. The arrow hits the hobgoblin!
You kill the hobgoblin!
You hear the crackle of electricity.
b - a +2 whip of electrocution (weapon)
Sigmund barely misses you.
You see here a hobgoblin corpse.
You hit Sigmund.
Sigmund is lightly wounded.
Sigmund gestures at you while chanting.
You are confused.
Sigmund casts a spell at you. The puff of flame hits you.
You bump into the rock wall.
Sigmund barely misses you.
You bump into the rock wall.
You whack Sigmund!
Sigmund is moderately wounded.
Sigmund gestures at you while chanting. The magic dart hits you!
You bump into the rock wall.
Sigmund hits you with a +0 scythe!
* * * LOW HITPOINT WARNING * * *
You bump into the rock wall.
Sigmund casts a spell at you. The puff of flame misses you.
You bump into the rock wall.
You feel less confused. Sigmund barely misses you.
You closely miss Sigmund.
Sigmund is moderately wounded.
You closely miss Sigmund.
Sigmund is moderately wounded.
Sigmund hits you with a +0 scythe!
You die...

..........#..........
######..###.#######.
#......## ##........
#.###.#.###.##.####.
#. #.##.#..##.# ##
#.###.###.#.##.#
#.#...# #.#.##.#
#.#.### #.#.##.#
#.#@# #.#.##.#
#.#@#####.#.##.#
#.............[# ###
#.?#......... ..#
##....##### #.#
##.#.# #.# @#.# #.#
.#.# #.# .#.# ## ##.#


You could see Sigmund.

Vanquished Creatures
  A worm (D:1)
  2 dart slugs (D:1)
  7 bats
  3 endoplasms
  A giant cockroach (D:1)
  3 hobgoblins
  A kobold (D:1)
  3 quokkas (D:1)
  4 ball pythons (D:1)
  3 frilled lizards
28 creatures vanquished.

Notes
Turn   | Place    | Note
-------+----------+-------------------------------------------
     0 | D:1      | porpoise the Human Hunter began the quest for the Orb.
     0 | D:1      | Reached XP level 1. HP: 16/16 MP: 1/1
   111 | D:1      | Reached XP level 2. HP: 22/22 MP: 2/2
   375 | D:1      | Reached XP level 3. HP: 28/28 MP: 3/3
   849 | D:2      | Noticed Sigmund
   866 | D:2      | Slain by Sigmund

Illustrated notes

Levels and vault maps discovered:
D:1:      doesnt_arrival_eight_statues, layout_loops_ring
D:2:      layout_loops_ring, uniq_sigmund

Action                     || total
---------------------------++-------
  Melee: Whip              ||     4
   Fire: Shortbow          ||    88
 Armour: Leather armour    ||    14
  Dodge: Dodged            ||    52
